Cogmind - Beta 13 @@@ ROGUE MODE // 2024.06.21 @ 18:32:22 Player: N.W.L Result: Destroyed by G-47 Trooper with Particle Gun Performance ------------- Evolutions (0) 0 Regions Visited (4) 800 Robots Destroyed (29) 145 Value Destroyed (502) 502 Prototype IDs (23) 460 Alien Tech Used (0) 0 Bonus (-632) -632 TOTAL SCORE: 1275 Bonus ------- Aligned with FarCom 300 Friendly Fire -932 Cogmind --------- Core Integrity 0/250 Matter 283/300 Energy 290/290 System Corruption 0% Temperature Warm (132) Movement Rolling (145) Ox3 Location -9/Mines Parts ------- > --- POWER (1) -------- Improved Deuterium Engine > --- PROPULSION (2) --- Compact Wheel > --- UTILITY (2) ------ High-capacity Storage Unit Seismic Detector > --- WEAPON (2) ------- Light Assault Rifle Heavy Assault Rifle > --- INVENTORY (20) --- Light Nuclear Core Superbattery (1500) High-capacity Matter Pod (200) High-capacity Matter Pod (200) Structural Scanner Guided Plasma Cannon Light Assault Rifle Light Assault Rifle AWS/Gauss Grenade Launcher Mining Laser Peak State ------------ > --- POWER ------------ Improved Deuterium Engine > --- PROPULSION ------- Light Treads Compact Wheel > --- UTILITY ---------- High-capacity Storage Unit Seismic Detector > --- WEAPON ----------- Guided Plasma Cannon Light Assault Rifle > --- INVENTORY -------- Light Nuclear Core Superbattery High-capacity Matter Pod High-capacity Matter Pod Structural Scanner Light Assault Rifle Light Assault Rifle Heavy Assault Rifle AWS/Gauss Grenade Launcher Mining Laser [Rating: 20] Favorites ----------- Power Light Nuclear Core Engine Ion Engine Power Core Light Nuclear Core Propulsion Light Treads Treads Light Treads Wheel Compact Wheel Utility Seismic Detector Device Seismic Detector Storage Small Storage Unit Weapon Light Assault Rifle Energy Gun Small Laser Energy Cannon Guided Plasma Cannon Ballistic Gun Light Assault Rifle Build | -11 -10 -10 -10 -9 ------- Run | Yrd Mat Min Exi Min Slots Evolved . | . . . . . Power . | . . . . . Propulsion . | . . . . . Utility . | . . . . . Weapon . | . . . . . Parts Attached 22 | 7 8 2 2 3 Power 5 | 1 2 1 . 1 Engine 4 | 1 2 . . 1 Core 1 | . . 1 . . Reactor . | . . . . . Propulsion 5 | 2 2 1 . . Treads 4 | 2 2 . . . Leg . | . . . . . Wheel 1 | . . 1 . . Hover . | . . . . . Flight . | . . . . . Utility 3 | 2 . . 1 . Device 1 | 1 . . . . Storage 2 | 1 . . 1 . Processor . | . . . . . Hackware . | . . . . . Protection . | . . . . . Artifact . | . . . . . Weapon 9 | 2 4 . 1 2 Energy Gun 1 | 1 . . . . Energy Cannon 1 | . . . . 1 Ballistic Gun 7 | 1 4 . 1 1 Ballistic Cannon . | . . . . . Launcher . | . . . . . Special Weapon . | . . . . . Impact Weapon . | . . . . . Slashing Weapon . | . . . . . Piercing Weapon . | . . . . . Special Melee Weapon . | . . . . . Unidentified Prototypes . | . . . . . Parts Lost 3 | . 1 1 . 1 Power 1 | . 1 . . . Propulsion 2 | . . 1 . 1 Utility . | . . . . . Weapon . | . . . . . Highest Loss Streak 1 | . 1 1 . 1 To Critical Strikes . | . . . . . Average Slot Usage (%) 96 | . 90 99 100 99 Engine 5 | . 6 11 . 6 Core 5 | . . 2 14 8 Treads 21 | . 26 25 14 13 Wheel 6 | . . 2 14 14 Device 14 | . 14 14 14 14 Storage 14 | . 14 14 14 14 Energy Cannon 1 | . . . . 12 Ballistic Gun 25 | . 25 28 28 15 Naked Turns . | . . . . . Heaviest Build 62 | 11 13 13 48 62 Greatest Support 40 | 40 40 40 16 16 Greatest Overweight (x) 3 | 2 . . 2 3 Average Overweight (x) . | . . . . 2 Largest Inventory Capacity 20 | 8 8 8 20 20 Average Capacity 11 | 7 8 8 14 20 Most Carried 12 | 2 8 8 9 12 Average Carried 7 | . 6 7 8 10 Final Capacity 20 | 8 8 8 20 20 Final Carried 12 | 2 8 7 9 12 Class Distribution -------------------- 100% | Mutant Dominant Class ---------------- Mutant | -10/Materials Mutant | -10/Mines Mutant | -10/Exiles Mutant | -9/Mines Resources | -11 -10 -10 -10 -9 ----------- Run | Yrd Mat Min Exi Min Matter Collected 946 | 131 603 158 34 20 Remotely . | . . . . . Salvage Created 1118 | 148 558 308 . 104 Parts 69 | 15 39 11 . 4 Haulers Intercepted 1 | . 1 . . . Recyclers Shooed 3 | 1 . 2 . . Parts Field Recycled . | . . . . . Retrieved Matter . | . . . . . Parts Self-Destructed . | . . . . . Prevented . | . . . . . Kills | -11 -10 -10 -10 -9 ------- Run | Yrd Mat Min Exi Min Combat Hostiles Destroyed 16 | . 13 3 . . Guns 16 | . 13 3 . . Classes Destroyed 8 | 3 5 . . . Worker 1 | 1 . . . . Builder 1 | . 1 . . . Tunneler 4 | 4 . . . . Hauler 1 | . 1 . . . Recycler 4 | 1 1 2 . . Watcher 1 | . 1 . . . Swarmer 6 | . 6 . . . Grunt 10 | . 7 3 . . Best Kill Streak 6 | 6 4 2 . . Combat Bots Only 3 | . 3 1 . . Max Kills in Single Turn 2 | 2 1 2 . 1 Gunslinging . | . . . . . Exploded . | . . . . . Melee . | . . . . . Uniques/NPCs Destroyed 1 | . . . . 1 YI-UF0 (-9/Mines) Combat | -11 -10 -10 -10 -9 -------- Run | Yrd Mat Min Exi Min Hostile Shots Fired 115 | . 77 31 . 7 Missed 20 | . 12 7 . 1 Damage Taken 1163 | . 758 321 . 84 Core 261 | . 152 81 . 28 Absorbed by Shields . | . . . . . Regen/Repaired (Parts) 217 | . 217 . . . Core Remaining (%) 100 | 100 . . . . Volleys Fired 127 | 13 77 25 . 12 Largest 2 | 2 2 2 . 2 Hottest 120 | 60 60 40 . 120 Shots Fired 243 | 24 154 50 . 15 Gun 234 | 24 154 50 . 6 Cannon 9 | . . . . 9 Launcher . | . . . . . Special . | . . . . . Kinetic 197 | 13 128 50 . 6 Thermal 46 | 11 26 . . 9 Explosive . | . . . . . Electromagnetic . | . . . . . Robot Hit Streak 20 | 12 17 13 . 20 Robot Miss Streak 7 | 3 7 4 . 1 Penetration Max . | . . . . . Secondary Targets 3 | . 2 1 . . Max Gunslinging Chain 1 | . 1 1 . . Shots Hit Robots 161 | 15 99 39 . 8 Core Hits 62 | 9 35 16 . 2 Critical Kills . | . . . . . Critical Parts Destroyed . | . . . . . Critical Strikes . | . . . . . Melee Attacks . | . . . . . Impact . | . . . . . Slashing . | . . . . . Piercing . | . . . . . Sneak Attacks . | . . . . . Combat Hostiles . | . . . . . Follow-up Attacks . | . . . . . Damage Inflicted 1627 | 167 864 327 . 269 Guns 1403 | 167 864 322 . 50 Cannons 219 | . . . . 219 Explosions . | . . . . . Melee . | . . . . . Ramming 5 | . . 5 . . Kinetic 1119 | 57 690 322 . 50 Thermal 503 | 110 174 . . 219 Explosive . | . . . . . Electromagnetic . | . . . . . Impact . | . . . . . Slashing . | . . . . . Piercing . | . . . . . Highest Corruption . | . . . . . Average Corruption . | . . . . . Corruption Purged . | . . . . . Corruption Blocked . | . . . . . Overload Shots . | . . . . . Overflow Damage . | . . . . . Projectiles . | . . . . . Explosions . | . . . . . Melee . | . . . . . Knockbacks . | . . . . . Impact . | . . . . . Kinetic . | . . . . . Secondary . | . . . . . Self-Inflicted Damage . | . . . . . Shots . | . . . . . Rammed 4 | . . 4 . . Targets Rammed 4 | . . 4 . . Kicked . | . . . . . Crushed . | . . . . . Highest Temperature 300 | 40 183 18 . 300 Average Temperature 69 | 19 68 9 . 131 Received Heat Transfer 612 | . 375 183 . 54 Siege Activations . | . . . . . Robots Corrupted . | . . . . . Combat Hostiles . | . . . . . Parts Fried . | . . . . . Impact Corruptions . | . . . . . Robots Melted . | . . . . . Combat Hostiles . | . . . . . Parts Melted 1 | . 1 . . . Heat Transferred 1130 | 250 400 . . 480 Parts Sabotaged . | . . . . . Parts Stolen . | . . . . . Parts Stripped . | . . . . . Power Chain Reactions . | . . . . . Alert | -11 -10 -10 -10 -9 ------- Run | Yrd Mat Min Exi Min Peak Influence 373 | 30 373 245 . 2 Initial 145 | . 19 145 . . Average 163 | 6 221 174 . 1 Maximum Alert Level 1 | . 1 1 . . Low Security (%) 61 | 100 38 78 . 100 Level 1 38 | . 61 21 . . Level 2 . | . . . . . Level 3 . | . . . . . Level 4 . | . . . . . Level 5 . | . . . . . High Security . | . . . . . Max Security . | . . . . . Squads Dispatched 4 | . 4 . . . Investigation 2 | . 2 . . . Extermination . | . . . . . Reinforcement 2 | . 2 . . . Assault . | . . . . . Garrison . | . . . . . Intercept . | . . . . . Searches Triggered . | . . . . . Construction Impeded . | . . . . . Haulers Reinforced . | . . . . . Active Scanning Responses . | . . . . . Cargo Convoy Interrupts . | . . . . . Stealth | -11 -10 -10 -10 -9 --------- Run | Yrd Mat Min Exi Min Distress Signals 4 | . 4 . . . Communications Jammed . | . . . . . Distress Signals . | . . . . . Times Spotted 32 | . 23 5 . 4 Peak Tracking Total 8 | . 8 2 . 2 Tactical Retreats 2 | . 1 1 . . Traps | -11 -10 -10 -10 -9 ------- Run | Yrd Mat Min Exi Min Traps Triggered 1 | . 1 . . . Indirectly . | . . . . . Trap Hack Attempts . | . . . . . Triggered . | . . . . . Disarmed . | . . . . . Reprogrammed . | . . . . . Reused . | . . . . . Traps Extracted . | . . . . . Installed . | . . . . . Triggered . | . . . . . Machines | -11 -10 -10 -10 -9 ---------- Run | Yrd Mat Min Exi Min Machines Disabled . | . . . . . Max in Single Turn . | . . . . . Machines Repaired . | . . . . . Machines Dismantled . | . . . . . Machines Sabotaged . | . . . . . Overloaded Fab Kills . | . . . . . Hacking | -11 -10 -10 -10 -9 --------- Run | Yrd Mat Min Exi Min Machines Accessed 8 | . 6 . 2 . Terminals 3 | . 3 . . . Fabricators . | . . . . . Repair Stations 1 | . 1 . . . Recycling Units 2 | . 2 . . . Scanalyzers . | . . . . . Garrison Access . | . . . . . Total Hacks 30 | . 25 . 5 . Successful 22 | . 17 . 5 . Failed 8 | . 8 . . . Catastrophic . | . . . . . Database Lockouts . | . . . . . Manual 9 | . 8 . 1 . Terminals 12 | . 12 . . . Fabricators . | . . . . . Repair Stations 6 | . 6 . . . Recycling Units 7 | . 7 . . . Scanalyzers . | . . . . . Garrison Access . | . . . . . Terminal Hacks 11 | . 6 . 5 . Record 4 | . . . 4 . Part Schematic 2 | . 2 . . . Robot Analysis 2 | . 2 . . . Hauler Manifests 1 | . 1 . . . Zone Layout 1 | . 1 . . . Derelict Proto ID Bank 1 | . . . 1 . Fabricator Hacks . | . . . . . Repair Station Hacks 5 | . 5 . . . Scan Component 3 | . 3 . . . Repair 2 | . 2 . . . Recycling Unit Hacks 3 | . 3 . . . Retrieve Matter 1 | . 1 . . . Retrieve Components 2 | . 2 . . . Scanalyzer . | . . . . . Garrison Access Hacks . | . . . . . Unauthorized Hacks 3 | . 3 . . . Terminals 1 | . 1 . . . Botnet 1 | . 1 . . . Fabricators . | . . . . . Repair Stations . | . . . . . Recycling Units 2 | . 2 . . . Tunnel 2 | . 2 . . . Scanalyzers . | . . . . . Garrison Access . | . . . . . Data Cores Recovered . | . . . . . Used . | . . . . . Hacking Detections 5 | . 5 . . . Full Trace Events 2 | . 2 . . . Feedback Events . | . . . . . Feedback Blocked . | . . . . . Robot Schematics Acquired . | . . . . . Robots Built . | . . . . . Authchips . | . . . . . Time . | . . . . . Total Robot Build Rating . | . . . . . Part Schematics Acquired 2 | . 2 . . . Parts Built . | . . . . . Authchips . | . . . . . Time . | . . . . . Total Part Build Rating . | . . . . . Parts Repaired 2 | . 2 . . . Time 52 | . 52 . . . Parts Recycled . | . . . . . Recycled Matter . | . . . . . Retrieved Matter 66 | . 66 . . . Retrieved Components 20 | . 20 . . . Parts Scanalyzed . | . . . . . Part Schematics Acquired . | . . . . . Parts Damaged . | . . . . . Bothacking | -11 -10 -10 -10 -9 ------------ Run | Yrd Mat Min Exi Min Used RIF Installer . | . . . . . Robots Hacked . | . . . . . Non-combat . | . . . . . Combat . | . . . . . Robot Hacks Applied . | . . . . . Relay Couplers Released . | . . . . . Fabnet Peak Effective % . | . . . . . Robots Rewired . | . . . . . Allies Hacked . | . . . . . Hacks Repelled . | . . . . . Allies | -11 -10 -10 -10 -9 -------- Run | Yrd Mat Min Exi Min Total Allies . | . . . . . Largest Group . | . . . . . Highest-Rated Group . | . . . . . Highest-Rated Ally . | . . . . . Total Orders . | . . . . . Ally Attacks . | . . . . . Total Damage . | . . . . . Kills . | . . . . . Allies Corrupted . | . . . . . Allies Melted . | . . . . . Intel | -11 -10 -10 -10 -9 ------- Run | Yrd Mat Min Exi Min Robot Analysis Total 2 | . 2 . . . Derelict Logs Recovered 1 | . . 1 . . Drone Launches . | . . . . . Drone Recoveries . | . . . . . Exploration | -11 -10 -10 -10 -9 ------------- Run | Yrd Mat Min Exi Min Turns Passed 2141 | 105 786 397 648 205 Spaces Moved 1114 | 39 270 197 521 87 Core 8 | 8 . . . . Treads 443 | 31 270 142 . . Legs . | . . . . . Wheels 663 | . . 55 521 87 Hover . | . . . . . Flight . | . . . . . Fastest Speed 50 | 50 160 100 100 130 Average Speed 133 | 152 160 143 113 144 Slowest Speed 160 | 160 160 160 130 145 Overloaded Moves . | . . . . . Propulsion Burnouts . | . . . . . Robots Hopped . | . . . . . Cave-ins Triggered . | . . . . . Exploration Rate (%) 41 | 4 60 50 72 21 Regions Visited 4 Branch Regions 3 Pre-discovered Areas 3 | . 2 . 1 . Known Exits Taken . | . . . . . Unknown Exits Taken 4 | 1 1 1 1 . Scrap Searched 3 | . . 1 . 2 Spaces Dug 3 | . . . . 3 Terrain Destroyed 3 | . . . . 3 Melee . | . . . . . Projectile 3 | . . . . 3 AOE . | . . . . . Terrain Rammed . | . . . . . Walls Destroyed . | . . . . . Machines Disabled . | . . . . . Actions | -11 -10 -10 -10 -9 --------- Run | Yrd Mat Min Exi Min Total 1554 | 60 494 269 580 151 Wait 270 | . 130 41 52 47 Move 1110 | 38 269 196 520 87 Hop . | . . . . . Pick Up 13 | 2 6 . 3 2 Fast Attach 10 | 7 3 . . . Attach 1 | . . 1 . . Detach . | . . . . . Swap 11 | . 5 1 2 3 Drop 8 | . 4 1 3 . Fire 127 | 13 77 25 . 12 Melee . | . . . . . Ram . | . . . . . Kick . | . . . . . Crush 4 | . . 4 . . Escape Stasis . | . . . . . Rewire . | . . . . . Trap . | . . . . . Miscellaneous . | . . . . . Route ------- -11/Scrapyard -10/Materials (discovered 3 exits: [*Mat x2] / [*Min]) -10/Mines (discovered 2 exits: [*Mat] / *Exi) -10/Exiles -9/Mines (discovered 1 exit: [*Mat]) History --------- Turn | Location | Event 13 | -11/Scrapyard | Discovered new exit (range 15) 106 | -11/Scrapyard | Entered Materials 301 | -10/Materials | Build established: Mutant 337 | -10/Materials | Discovered new exit (range 16) 423 | -10/Materials | Repaired Lgt. Treads 450 | -10/Materials | Repaired Lgt. Treads 663 | -10/Materials | Core integrity fell below 50% 688 | -10/Materials | Discovered new exit (range 6) 722 | -10/Materials | Discovered new exit (range 9) 892 | -10/Materials | Entered Mines 953 | -10/Mines | Discovered new exit (range 8) 1114 | -10/Mines | Found a hidden stash of uninstalled traps 1260 | -10/Mines | Core integrity fell below 20% 1285 | -10/Mines | Deemed a non-threat by the Exiles lab entrance 1285 | -10/Mines | Discovered new exit (range 5) 1289 | -10/Mines | Entered Exiles 1314 | -10/Exiles | Met 8R-AWN 1330 | -10/Exiles | Met EX-HEX 1361 | -10/Exiles | Met EX-BIN 1372 | -10/Exiles | Aligned with FarCom system 1373 | -10/Exiles | Given EX-Vault access code 1396 | -10/Exiles | Opened EX-Vault 1419 | -10/Exiles | Warned to stay clear of 0b10 Research branches 1442 | -10/Exiles | Found Gui. Plasma Cannon 1445 | -10/Exiles | Found AWS/Gauss 1515 | -10/Exiles | Met EX-DEC 1524 | -10/Exiles | Learned location of Zion (-7) 1764 | -10/Exiles | Found Superbattery 1922 | -10/Exiles | Discovered new exit (range 14) 1937 | -10/Exiles | Stole three prototypes: Superbattery, Gui. Plasma Cannon, AWS/Gauss 1937 | -10/Exiles | Entered Mines 1982 | -9/Mines | Met a Derelict bent on vengeance 1998 | -9/Mines | YI-UF0 nonchalantly dropped a Grenade Launcher on the ground 2042 | -9/Mines | Murdered YI-UF0 2042 | -9/Mines | Destroyed YI-UF0 2123 | -9/Mines | Discovered new exit (range 6) 2142 | -9/Mines | Destroyed by G-47 Trooper with Particle Gun Last Messages --------------- 02037_ K-01 Serf collects debris. 02042_ YI-UF0 destroyed. 02048_ The unstable cave ceiling collapses. 02053_ K-01 Serf collects debris. 02054_ Acquired 10 matter. 02054_ U-05 Engineer lays Concrete. 02057_ K-01 Serf collects debris. 02058_ U-05 Engineer lays Concrete. 02063_ K-01 Serf collects debris. 02063_ U-05 Engineer lays Concrete. 02067_ K-01 Serf collects debris. 02068_ U-05 Engineer lays Concrete. 02069_ U-05 Engineer builds a Wall. 02074_ K-01 Serf collects debris. 02102_ Searching scrap... 02102_ Found 27 Matter. 02102_ Found Ion Engine. 02102_ Found 37 Matter. 02123_ EXIT=FOUND 02136_ Lgt. Treads destroyed. Map ----- +----------------------------------------------------+ | ?????????????????????????????????????????? | | ?????????????????????????????????????????? | | ?????????????????????????????????????????? | | ?????????????????????????????????????????? | | ?????????????????????????????????????????? | | ?????????????????????????????????????????? | | ?????????????????????????????????????????? | | ?????????????????????????????????????????? | | ??????????????????????????g??????????????? | | ?????????????????????????g???????????????? | | ?????????????????????????????????????????? | | ?????????????????#???????????????????????? | | ????????????????? ???????????????????????? | | ????????????????? ???????????????????????? | | ????????????????# #??????????????????????? | | ????????????????# #??????????????????????? | | ????????????????# #??????????????????????? | | ????????????????# #????????????g?????????? | | ????????????????# #??????????????????????? | | ????????????????# #??????????????????????? | | ??????#?????????# #??????????????????????? | | ??????# ????????# #########??????????????? | | ??????# ????????#% #??????????????? | | ??????# ????????##%###### #??????????????? | | ??????# ????????#*###??# #?????? #?????? | | ??????# ??????### ##?#@### < #?????? | | ??????# ?????## #?# g #?????? | | ??????# #????# #?##### #?????? | | ??????# ##?## ###??????????###?????? | | #??????# ### ##????????????????????? | | ##??????# #?????????????????????? | | #####??## ##?????????????????????? | | ##### ##??????????????????????? | | ##???????????????????????? | | #????????????????????????? | | ##????????????????????????? | | # ## #####?????????????????????????? | | ####### ###?????????????????????????????? | | ??????####???????????????????????????????? | | ?????????????????????????????????????????? | | ?????????????????????????????????????????? | | | | | | | | | | | | | | | | | | | +----------------------------------------------------+ Best States ------------- Heat Dissipation 25 Energy Generation 16 Energy Capacity 290 Matter Stores 300 Matter Capacity 300 Sight Range 16 Terrain Scan Density 10 Evasion (%) 40 Recoil Reduction 2 Item Schematics ----------------- Cargo Storage Unit | -10/Materials | Hacked Huge Storage Unit | -10/Materials | Hacked Robot Schematics ------------------ None Fabricated ------------ Nothing Alien Tech Used ----------------- None Achievements -------------- None Challenges ------------ None Game ------ Seed ShrapnelDefenseDetector Manual? 0 Play Time 00:17:16 Cumulative 157.0 hours Start 2024.06.21 @ 18:16:57 End 2024.06.21 @ 18:32:22 Sessions 1 Manual Loads 0 Difficulty Rogue Special Mode None Game No. 72 Rogue 72 Adventurer 0 Explorer 0 Win Type - Total 2 Types 1/0/1/0/0/0/0/0/0 Lore% 67 Gallery% 78 Achievement% 59 Wizard Run 0 Options --------- Layout 1 ASCII 0 Keyboard 0 Movement Mouse Keybinds 0 Fullscreen 2 Font 18/SmallcapsGlow Map View 50x40 Zoom Use 0% Tactical HUD 1 Map Filters NONE Filters NONE Steam 1 RUN: 5cb0176c-ed49-4cfb-8160-b38e7fa257b3